 Dungeon Crawl Stone Soup version 0.22-a0-469-gf26638a (webtiles) character file.

3880 Mgcat the Cleaver (level 10, -4/81 HPs)
             Began as a Minotaur Berserker on June 12, 2018.
             Was a High Priest of Trog.
             Slain by a yak (8 damage)
             ... on level 8 of the Dungeon.
             The game lasted 00:12:47 (7033 turns).

Mgcat the Cleaver (Minotaur Berserker)              Turns: 7033, Time: 00:12:48

Health: -4/81      AC: 13    Str: 22    XL:     10   Next: 0%
Magic:  11/12      EV: 12    Int:  6    God:    Trog [*****.]
Gold:   393        SH:  0    Dex: 11    Spells: 9/9 levels left

rFire    . . .     SeeInvis .   a - +0 hand axe
rCold    . . .     Gourm    .   (no shield)
rNeg     . . .     Faith    +   D - +0 scale mail
rPois    .         Spirit   .   (helmet restricted)
rElec    .         Reflect  .   (no cloak)
rCorr    .         Harm     .   E - +2 pair of gloves
MR       .....                  u - +2 pair of boots
Stlth    ..........             y - amulet of faith {Faith, !P}
HPRegen  0.23/turn              (no ring)
MPRegen  0.13/turn              (no ring)

@: berserk cooldown, slowed, very slow
A: retaliatory headbutt, horns 2
a: Berserk, Trog's Hand, Brothers in Arms, Renounce Religion


You were on level 8 of the Dungeon.
You worshipped Trog.
Trog was extremely pleased with you.
You were near starving.

You visited 1 branch of the dungeon, and saw 8 of its levels.
You also visited: Sewer.

You collected 393 gold pieces.

Inventory:

Hand Weapons
 a - a +0 hand axe (weapon)
Missiles
 s - a throwing net {=f, !d}
Armour
 u - a +2 pair of boots (worn)
   (You found it on level 5 of the Dungeon)
 D - a +0 scale mail (worn)
   (You found it on level 5 of the Dungeon)
 E - a +2 pair of gloves (worn)
   (You found it on level 6 of the Dungeon)
Jewellery
 w - an uncursed ring of resist corrosion {unknown}
   (You found it on level 6 of the Dungeon)
 y - an amulet of faith (around neck) {Faith, !P}
   (You found it on level 4 of the Dungeon)
Wands
 b - a wand of clouds (3)
   (You found it on level 2 of the Dungeon)
 F - a wand of polymorph (3)
   (You found it on level 6 of the Dungeon)
 G - a wand of iceblast (5)
   (You found it on level 7 of the Dungeon)
 H - a wand of digging (8)
   (You found it on level 7 of the Dungeon)
Scrolls
 d - 2 scrolls of enchant weapon {unknown}
 e - 3 scrolls of amnesia {unknown}
 f - a scroll of immolation {!r}
 h - 8 scrolls of teleportation {unknown}
 j - 11 scrolls of identify {unknown}
 l - a scroll of enchant armour {unknown}
 m - a scroll of fear {unknown}
 n - 2 scrolls of random uselessness {unknown}
 p - 2 scrolls of remove curse
 z - 2 scrolls of blinking {unknown}
 B - a scroll of magic mapping {unknown}
Potions
 g - a potion of resistance {unknown}
 i - 4 potions of curing {unknown}
 k - a potion of berserk rage {unknown}
 o - a potion of ambrosia {unknown}
 q - a potion of brilliance {unknown}
 r - 2 potions of haste {unknown}
 t - 3 potions of flight {unknown}
 v - 5 potions of might {unknown}
 x - a potion of heal wounds {unknown}
 A - a potion of magic {unknown}
Comestibles
 c - 10 rations
 C - 2 chunks of flesh {@w0}


   Skills:
 - Level 5.0 Fighting
 - Level 14.0 Axes
 - Level 5.0 Armour
 - Level 5.1 Dodging
 + Level 4.3 Evocations


You had 9 spell levels left.
You didn't know any spells.
Your spell library was empty.

Dungeon Overview and Level Annotations

Branches:
Dungeon (8/15)             Temple (0/1) D:4            Lair (0/6) D:8

Altars:
Dithmenos
Fedhas
Gozag
Hepliaklqana
Qazlal
Uskayaw
Wu Jian
Zin

Shops:
D:2 *


Innate Abilities, Weirdness & Mutations

You reflexively headbutt those who attack you in melee.
You have a pair of horns on your head.


Message History

An orc comes into view. It is wielding a dagger.
You barely miss the yak.
The orc shouts!
You headbutt the yak, but do no damage.
The yak is moderately wounded.
You hit the orc wizard but do no damage.
You hear a shout!
The orc wizard barely misses you. You furiously retaliate!
You headbutt the orc wizard! The yak gores you!
The orc wizard barely misses you. You furiously retaliate!
You headbutt the orc wizard!
You kill the orc wizard!
Trog accepts your kill.
Trog appreciates your killing of a magic user.
You hit the yak. You headbutt the yak!
The yak is severely wounded.
The yak gores you!
You are too injured to fight recklessly!
You are too injured to fight recklessly!
You are too injured to fight recklessly!
You are too injured to fight recklessly!
You are too injured to fight recklessly!
You hit the yak.
The yak is almost dead.
The yak gores you.
You hit the yak but do no damage. You headbutt the yak, but do no damage.
The yak is almost dead.
You are struck by the porcupine's spines.
You hit the porcupine.
You feel the effects of Trog's Hand fading.
A yak comes into view.
Something hits the plant!! x2; The yak misses you.
You furiously retaliate!
You headbutt the yak!
You kill the yak!
Trog accepts your kill.
Your Evocations skill increases to level 4!
The porcupine bites you.
The yak bellows!
You slash the porcupine! Your headbutt misses the porcupine.
The porcupine is almost dead.
Your scale mail prevents you from hitting the orc.
The porcupine barely misses you.
You hear a bellow!
You slash the orc!
You kill the orc!
Trog accepts your kill.
You are struck by the porcupine's spines.
You hit the porcupine.
You kill the porcupine!
Trog accepts your kill.
You have reached level 10!
You hit the yak.
The yak is lightly wounded.
The yak gores you but does no damage.
A yak comes into view.
Something bites the plant but does no damage.
You slash the yak! Your headbutt misses the yak.
The yak is moderately wounded.
You slash the orc!
You kill the orc!
Trog accepts your kill. The yak gores you!
A scorpion, an orc and a two-headed ogre come into view.
Your skin stops crawling.
You feel less resistant to hostile enchantments.
You are near starving!
The two-headed ogre shouts in stereo!
The orc shouts!
A porcupine comes into view.
The yak barely misses you. You furiously retaliate!
You headbutt the yak, but do no damage.
Found a staircase to the Lair.
Things that are here:
a dagger; a yak corpse You slash the yak!
The yak is heavily wounded.
You hit the plant. You completely miss the yak.
An adder zombie comes into view.
The yak gores you. x2
You barely miss the yak.
The yak is heavily wounded.
You hit the plant but do no damage. You hit the yak but do no damage.
A quokka comes into view.
The yak closely misses you. The yak gores you!
You barely miss the yak.
The yak is heavily wounded.
You hit the plant. You hit the yak but do no damage. The yak gores you!
* * * LOW HITPOINT WARNING * * *
The yak closely misses you.
The scorpion completely misses the plant.
The quokka bites the plant but does no damage.
The porcupine bites the plant!
The yak gores you.
* * * LOW HITPOINT WARNING * * *
The yak gores you!
* * * LOW HITPOINT WARNING * * *
The yak misses you. You furiously retaliate!
You headbutt the yak.
A crocodile comes into view.
The yak snorts and paws the ground.
The yak gores you but does no damage. The yak barely misses you.
The yak gores you!
You die...

## ....# #. ....
#.##... ###
#.#... ###
...#.... ...
#.#.#.# ..
#...#.##.#
#..†Y@..#..
#..)YYo....#
#....PZ.s.P...#
#P....P.O.P.#.#
♣P..P.Pr......#
#P....Pr..(....#
.P.P.......♣PP.#
..♣.P..P..P...♣.
.......>P.♣♣...


You could see a two-headed ogre, 3 yaks, a scorpion, a porcupine, an orc, an
adder zombie and a quokka.

Vanquished Creatures
  Grinder (D:3)
  A spriggan (D:8)
  The ghost of Avalon the Conjurer, an amateur GrWz (D:4)
  2 yaks (D:8)
  A basilisk (D:8)
  A hungry ghost (D:7)
  2 porcupines (D:8)
  An ice beast (D:6)
  2 orc warriors
  2 sky beasts (D:5)
  A black bear (D:6)
  3 ogres
  A phantom (D:6)
  2 centaurs
  A crocodile (D:8)
  2 big kobolds (Sewer)
  2 bullfrogs
  A scorpion (D:2)
  A wyvern skeleton (D:6)
  A crimson imp (D:8)
  2 quasits
  A jelly (D:7)
  3 hounds
  7 orc wizards
  4 iguanas
  3 worker ants
  A hound skeleton (D:5)
  14 gnolls
  23 adders
  A shadow imp (D:5)
  4 oozes
  An adder skeleton (D:4)
  An adder zombie (D:8)
  7 worms
  3 dart slugs (D:1)
  5 leopard geckos
  11 orcs
  8 bats
  5 giant cockroaches
  7 hobgoblins
  6 jackals
  4 quokkas
  6 ball pythons
  4 frilled lizards
  8 goblins
  A jackal skeleton (D:5)
  8 kobolds
  2 leopard gecko skeletons
  A leopard gecko zombie (D:3)
  13 rats
  A plant (D:8)
194 creatures vanquished.

Vanquished Creatures (others)
  2 plants (D:8)
2 creatures vanquished.

Grand Total: 196 creatures vanquished

Notes
Turn   | Place    | Note
-------+----------+-------------------------------------------
     0 | D:1      | Mgcat the Minotaur Berserker began the quest for the Orb.
     0 | D:1      | Reached XP level 1. HP: 19/19 MP: 0/0
    86 | D:1      | Reached skill level 4 in Axes
   227 | D:1      | Reached XP level 2. HP: 22/26 MP: 1/1
   401 | D:1      | Reached ** piety under Trog
   652 | D:1      | Reached skill level 5 in Axes
   777 | D:2      | Found Gozag's Platinum Reserve.
   860 | D:2      | HP: 3/26 [worm (4)]
   862 | D:2      | Reached XP level 3. HP: 4/31 MP: 2/2
  1376 | D:2      | Noticed a scorpion
  1383 | D:2      | Killed a scorpion
  1383 | D:2      | Reached skill level 6 in Axes
  1383 | D:2      | Reached XP level 4. HP: 26/39 MP: 3/3
  1639 | D:2      | Found a hide-covered altar of Uskayaw.
  1824 | D:2      | Found an opulent altar of Gozag.
  2068 | D:2      | Found a blossoming altar of Fedhas.
  2069 | D:2      | Found a hazy altar of Hepliaklqana.
  2168 | D:3      | Noticed Grinder
  2174 | D:3      | Reached XP level 5. HP: 45/45 MP: 4/4
  2181 | D:3      | Killed Grinder
  2181 | D:3      | Reached skill level 8 in Axes
  2181 | D:3      | Reached XP level 6. HP: 50/51 MP: 5/5
  2423 | D:3      | Found a blossoming altar of Fedhas.
  2492 | D:3      | Found a faded altar of an unknown god.
  3024 | D:4      | Reached skill level 9 in Axes
  3089 | D:4      | Noticed Avalon's ghost (amateur GrWz)
  3097 | D:4      | Killed Avalon's ghost
  3097 | D:4      | Reached XP level 7. HP: 57/57 MP: 6/6
  3099 | D:4      | Found a staircase to the Ecumenical Temple.
  3149 | D:4      | Reached skill level 10 in Axes
  3158 | D:4      | Reached *** piety under Trog
  3603 | D:4      | Reached skill level 11 in Axes
  4015 | D:5      | Entered Level 5 of the Dungeon
  4030 | D:5      | Reached XP level 8. HP: 29/64 MP: 7/7
  4463 | D:5      | Reached skill level 12 in Axes
  4590 | D:5      | Found a glowing drain.
  4677 | Sewer    | Entered a sewer
  4707 | Sewer    | Reached **** piety under Trog
  5154 | Sewer    | Reached skill level 13 in Axes
  5398 | D:5      | Found a glowing silver altar of Zin.
  5629 | D:5      | Found a shadowy altar of Dithmenos.
  5831 | D:6      | Reached XP level 9. HP: 43/70 MP: 8/8
  5994 | D:6      | Reached skill level 14 in Axes
  6003 | D:6      | Reached ***** piety under Trog
  6176 | D:6      | Reached skill level 4 in Fighting
  6345 | D:7      | Reached skill level 5 in Fighting
  6349 | D:7      | Reached skill level 3 in Armour
  6575 | D:7      | Reached skill level 4 in Armour
  6576 | D:7      | Found an ornate altar of the Wu Jian Council.
  6672 | D:7      | Reached skill level 5 in Armour
  6679 | D:7      | Found a stormy altar of Qazlal.
  6751 | D:7      | Reached skill level 3 in Dodging
  6774 | D:7      | Reached skill level 4 in Dodging
  6993 | D:8      | Reached skill level 5 in Dodging
  6997 | D:8      | Reached skill level 1 in Evocations
  6999 | D:8      | Reached skill level 2 in Evocations
  7015 | D:8      | Reached skill level 3 in Evocations
  7023 | D:8      | Reached skill level 4 in Evocations
  7025 | D:8      | Reached XP level 10. HP: 52/81 MP: 10/12
  7028 | D:8      | Found a staircase to the Lair.
  7028 | D:8      | Noticed a two-headed ogre
  7031 | D:8      | HP: 18/81 [yak (8)]
  7032 | D:8      | HP: 4/81 [yak (13)]
  7033 | D:8      | Slain by a yak

Vault maps used:
D:1:      elethiomel_arrival_infinity_welcomes_careful_drivers
D:2:      lemuel_round_altar, gammafunk_temple_overflow_statue,
          nicolae_gozag_zags_fifth_avenue
D:3:      chequers_ecumenical_altar_simple_redux, fedhas_altar_2, uniq_grinder
D:4:      minmay_temple_entry_mist, first_ration
D:5:      grunt_dithmenos_shadows, zin_academy, gup_sewer_entry_glass
D:7:      nicolae_overflow_crystal_walls, basic_altar, serial_park_tiny_pond
D:8:      minmay_lair_entry_grove, basic_altar, the_bakery
Sewer:    sewer_co_tree

Skill      XL: |  1  2  3  4  5  6  7  8  9 |
---------------+----------------------------+-----
Axes           | 4 5 6 8 9 11 13 14 | 14.0
Fighting       | 5 |  5.0
Armour         | 5 |  5.0
Dodging        | 5 |  5.1
Evocations     | 4 |  4.3

Action                   |  1- 3 |  4- 6 |  7- 9 | 10-12 || total
-------------------------+-------+-------+-------+-------++-------
Melee: Hand axe          |    68 |    95 |   446 |     5 ||   614
       Headbutt          |    10 |    13 |    84 |       ||   107
Invok: Berserk           |     1 |     3 |    10 |       ||    14
       Trog's Hand       |       |     1 |     1 |       ||     2
  Use: Scroll            |       |       |     3 |       ||     3
 Stab: Sleeping          |     1 |       |       |       ||     1
  Eat: Chunk             |     1 |     9 |    27 |       ||    37
Armor: Animal skin       |    10 |       |       |       ||    10
       Leather armour    |     6 |    17 |    16 |       ||    39
       Scale mail        |       |       |   112 |     2 ||   114
Dodge: Dodged            |    50 |    49 |   163 |     5 ||   267

Table legend:
 A = Spawn XP
 B = Non-spawn XP
 C = Spawn XP percentage of total XP
 D = Spawn monster count
 E = Non-spawn monster count
 F = Spawn count percentage of total count
 G = Total turns spent on level
                    A         B        C        D         E        F      G
               +---------+---------+-------+---------+---------+-------+---------
         Total |       0 |    5543 |   0.0 |       0 |     193 |   0.0 |  7033
               +---------+---------+-------+---------+---------+-------+---------
           D:1 |       0 |      35 |   0.0 |       0 |      17 |   0.0 |   769
           D:2 |       0 |     137 |   0.0 |       0 |      25 |   0.0 |  1366
           D:3 |       0 |     374 |   0.0 |       0 |      20 |   0.0 |   882
           D:4 |       0 |     766 |   0.0 |       0 |      26 |   0.0 |   998
           D:5 |       0 |     696 |   0.0 |       0 |      31 |   0.0 |  1173
           D:6 |       0 |     852 |   0.0 |       0 |      14 |   0.0 |   591
           D:7 |       0 |     987 |   0.0 |       0 |      20 |   0.0 |   648
           D:8 |       0 |    1345 |   0.0 |       0 |      12 |   0.0 |    49
         Sewer |       0 |     351 |   0.0 |       0 |      28 |   0.0 |   557
               +---------+---------+-------+---------+---------+-------+---------

Vault maps used:
D:1:      elethiomel_arrival_infinity_welcomes_careful_drivers
D:2:      lemuel_round_altar, gammafunk_temple_overflow_statue,
          nicolae_gozag_zags_fifth_avenue
D:3:      chequers_ecumenical_altar_simple_redux, fedhas_altar_2, uniq_grinder
D:4:      minmay_temple_entry_mist, first_ration
D:5:      grunt_dithmenos_shadows, zin_academy, gup_sewer_entry_glass
D:7:      nicolae_overflow_crystal_walls, basic_altar, serial_park_tiny_pond
D:8:      minmay_lair_entry_grove, basic_altar, the_bakery
Sewer:    sewer_co_tree

Table legend:
 A = Turns spent in this place as a percentage of turns spent in the entire game.
 B = Non-inter-level travel turns spent in this place as a percentage of non-inter-level travel turns spent in the entire game.
 C = Inter-level travel turns spent in this place as a percentage of turns spent in this place.
 D = Turns resting spent in this place as a percentage of non-inter-level travel turns spent in this place.
 E = Turns spent auto-exploring this place as a percentage of non-inter-level travel turns spent in this place.
 F = Non-inter-level travel turns spent in this place divided by the number of levels of this place that you've seen.
                   A       B       C       D       E      F
               +-------+-------+-------+-------+-------+----------------------
         Total | 100.0 | 100.0 |   2.8 |   1.3 |  80.6 | 759.8
       Dungeon |  92.1 |  91.9 |   3.0 |   1.4 |  81.9 | 785.1
         Sewer |   7.9 |   8.1 |   0.0 |   0.0 |  65.5 | 557.0
               +-------+-------+-------+-------+-------+----------------------

Table legend:
 A = Kills in this place as a percentage of kills in entire the game.
 B = Kills by you in this place as a percentage of kills by you in the entire game.
 C = Kills by friends in this place as a percentage of kills by friends in the entire game.
 D = Other kills in this place as a percentage of other kills in the entire game.
 E = Experience gained in this place as a percentage of experience gained in the entire game.
 F = Experience gained in this place divided by the number of levels of this place that you have seen.
                   A       B       C       D       E      F
               +-------+-------+-------+-------+-------+----------------------
         Total | 100.0 | 100.0 |   N/A |   N/A | 100.0 | 615.9
       Dungeon |  85.5 |  85.5 |   N/A |   N/A |  93.7 | 649.0
         Sewer |  14.5 |  14.5 |   N/A |   N/A |   6.3 | 351.0
               +-------+-------+-------+-------+-------+----------------------
